 Dungeon Crawl Stone Soup version 0.31-b1-18-g61460d1e46 (webtiles) character file.

Game seed: 3672023690004403528

354 groovy9 the Conjurer (level 6, -7/32 HPs)
             Began as a Deep Elf Conjurer on Jan 16, 2024.
             Mangled by a gnoll
             ... wielding a +2 halberd of flaming
             ... led by a gnoll sergeant
              (9 damage)
             ... on level 5 of the Dungeon.
             The game lasted 00:11:43 (3587 turns).

groovy9 the Conjurer (Deep Elf Conjurer)            Turns: 3587, Time: 00:11:44

Health: -7/32      AC:  4    Str: 10    XL:     6   Next: 35%
Magic:  0/15       EV:  6    Int: 25    God:
Gold:   183        SH:  0    Dex: 13    Spells: 4/15 levels left

rFire   . . .        v - +8 trident of the Octopus King {venom, rElec rPois}
rCold   . . .        (no shield)
rNeg    . . .        o - +0 leather armour {rPois}
rPois   +            (no helmet)
rElec   +            r - +0 cloak
rCorr   .            (no gloves)
SInv    .            (no boots)
Will    .....        (no amulet)
Stlth   ++           g - +6 ring of strength
HPRegen 0.25/turn    (no ring)
MPRegen 0.14/turn

%: no passive effects
@: held
A: no striking features
a: no special abilities


You were on level 5 of the Dungeon.
You visited 1 branch of the dungeon, and saw 5 of its levels.

You collected 183 gold pieces.

Inventory:

Hand Weapons
 v - the +8 trident of the Octopus King (weapon) {venom, rElec rPois}
   (You found it on level 3 of the Dungeon)

   rElec:     It insulates you from electricity.
   rPois:     It protects you from poison
Armour
 o - a +0 leather armour of poison resistance (worn)
 r - a +0 cloak (worn)
Magical Staves
 k - a staff of air
 w - a staff of death
Jewellery
 g - a +6 ring of strength (left hand)
Wands
 u - a wand of polymorph (11)
Scrolls
 a - a scroll of noise {unknown}
 c - a scroll of poison {unknown}
 h - 3 scrolls of immolation
 j - 2 scrolls of enchant weapon {unknown}
 l - 3 scrolls of teleportation
 m - a scroll of vulnerability {unknown}
 t - a scroll of brand weapon {unknown}
Potions
 b - a potion of magic
 d - a potion of resistance
 e - a potion of might
 f - 2 potions of mutation
 i - a potion of ambrosia {unknown}
 n - a potion of enlightenment
 p - 2 potions of berserk rage
 q - a potion of haste
 s - a potion of attraction {unknown}


   Skills:
 + Level 2.2 Armour
 - Level 2.7 Dodging
 - Level 2.8 Stealth
 + Level 5.2 Spellcasting
 * Level 6.6 Conjurations


You had 4 spell levels left.
You knew the following spells:

 Your Spells              Type           Power      Damage    Failure   Level
a - Magic Dart            Conj           100%       1d8       1%          1
b - Searing Ray           Conj           78%        2d7       1%          2
c - Fulminant Prism       Conj/Alch      11%        3d8       26%         4
d - Iskenderun's Mystic   Conj/Tloc      23%        2d6       26%         4

Your spell library contained the following spells:

 Spells                   Type           Power      Damage    Failure   Level
 Kiss of Death            Conj/Necr      92%        2d12      2%          1
 Momentum Strike          Conj/Tloc      46%        3d9       4%          2
 Blink                    Tloc           12%        N/A       16%         2
 Lesser Beckoning         Tloc           12%        N/A       16%         2
 Martyr's Knell           Necr/Summ      6%         N/A       71%         4
 Summon Forest            Summ/Tloc      3%         N/A       96%         5
 Summon Mana Viper        Hex/Summ       6%         N/A       96%         5
 Eringya's Noxious Bog    Alch           3%         4d6       100%        6
 Summon Hydra             Summ           3%         N/A       100%        7


Dungeon Overview and Level Annotations

Branches:
Dungeon (5/15)
 Temple: D:4-7

Altars:
Yredelemnul

Shops:
D:4 :


Message History

A gnoll comes into view. It is wielding a +0 vampiric spear.
The gnoll throws a throwing net.
The throwing net hits you.
You become entangled in the net!
The gnoll sergeant hits you from afar with a +0 trident!
You struggle against the net.
The gnoll sergeant hits you from afar with a +0 trident!
You struggle against the net.
The gnoll sergeant hits you from afar with a +0 trident!
* * * LOW HITPOINT WARNING * * *
Okay, then.
Casting: Searing Ray (safe; 1% risk of failure)
Confirm with . or Enter, or press ? or * to list all spells.
You don't know that spell.
Casting: Searing Ray (safe; 1% risk of failure)
Confirm with . or Enter, or press ? or * to list all spells.
You erupt in a blast of force!
The mystic blast hits the gnoll sergeant.
The gnoll sergeant is severely wounded.
The gnoll sergeant is knocked back by the mystic blast.
The gnoll sergeant slams into the metal wall!
The mystic blast hits the gnoll.
The gnoll is moderately wounded.
You hear a shout!
The gnoll barely misses you.
Casting: Iskenderun's Mystic Blast (extremely dangerous; 26% risk of failure)
Confirm with . or Enter, or press ? or * to list all spells.
You erupt in a blast of force!
The mystic blast hits the shadow imp!
The shadow imp is heavily wounded.
The shadow imp is knocked back by the mystic blast.
The mystic blast hits the gnoll.
The gnoll is moderately wounded.
The gnoll is knocked back by the mystic blast.
The gnoll collides with the gnoll sergeant!
The gnoll is heavily wounded.
The mystic blast hits the gnoll!
The gnoll is heavily wounded.
The mystic blast hits the gnoll!
You kill the gnoll!
The gnoll hits you from afar with a +2 halberd of flaming!
You die...

#.
#.##
....
#...
#..#
#..#
#..#
#.@#
#.)#


ggg.. ..g...## ..####..# # #.5# #..# #..# You could see a gnoll sergeant, 3
gnolls and a shadow imp.

Vanquished Creatures
  A black bear (D:4)
  A bombardier beetle (D:3)
  An iguana (D:4)
  A hound zombie (D:3)
  5 gnolls
  9 adders
  2 adder zombies (D:3)
  A dart slug (D:3)
  A ribbon worm (D:4)
  5 orcs
  4 ball pythons
  8 bats
  3 endoplasms
  3 giant cockroaches
  5 goblins
  6 hobgoblins
  A jackal (D:4)
  7 kobolds
  2 quokkas (D:2)
  A ball python zombie (D:3)
  4 frilled lizards
  3 rats
74 creatures vanquished.

Notes
Turn   | Place    | Note
-------+----------+-------------------------------------------
     0 | D:1      | groovy9 the Deep Elf Conjurer began the quest for the Orb.
     0 | D:1      | Reached XP level 1. HP: 10/10 MP: 6/6
    65 | D:1      | Got the Cyclopedia of the Star-crossed Graveyard
   105 | D:1      | Found a faded altar of an unknown god.
   241 | D:1      | Reached XP level 2. HP: 15/15 MP: 6/8
   244 | D:1      | Learned a level 2 spell: Searing Ray
   784 | D:2      | Reached XP level 3. HP: 19/19 MP: 6/10
  1116 | D:2      | Reached skill level 5 in Conjurations
  1156 | D:2      | Reached skill level 1 in Armour
  1348 | D:2      | Reached XP level 4. HP: 24/24 MP: 6/11
  1353 | D:2      | Learned a level 4 spell: Fulminant Prism
  1993 | D:3      | Reached XP level 5. HP: 28/28 MP: 6/13
  2107 | D:3      | Found a basalt altar of Yredelemnul.
  2254 | D:3      | Reached skill level 6 in Conjurations
  2362 | D:3      | Found the +8 trident of the Octopus King {venom, rElec
                  | rPois}
  2769 | D:4      | Learned a level 4 spell: Iskenderun's Mystic Blast
  2778 | D:4      | Noticed a black bear
  2783 | D:4      | Killed a black bear
  2784 | D:4      | Reached skill level 5 in Spellcasting
  2784 | D:4      | Reached XP level 6. HP: 32/32 MP: 9/15
  3268 | D:4      | Found Rumnu's Book Emporium.
  3577 | D:5      | Entered Level 5 of the Dungeon
  3587 | D:5      | Mangled by a gnoll

Illustrated notes

Levels and vault maps discovered:
D:1:      psy_arrival_basics, layout_rooms,
          dreamdust_ecumenical_altar_angels_and_demons
D:2:      layout_loops_ring, minmay_box_of_dots
D:3:      layout_rooms, nicolae_yredelemnul_corpse_copse, reono_crystal_passage,
          minmay_ruptured
D:4:      layout_basic, kennysheep_windowed_goal
D:5:      layout_loops_ring, serial_shops, shop

Skill      XL: |  1  2  3  4  5 |
---------------+----------------+-----
Conjurations   | 5 6 |  6.6
Armour         | 1 2 |  2.2
Spellcasting   | 4 5 |  5.2
Dodging        | |  2.7
Stealth        | |  2.8

Action                     |  1- 3 |  4- 6 || total
---------------------------+-------+-------++-------
  Melee: Staff             |     2 |     1 ||     3
   Cast: Magic Dart        |    31 |    49 ||    80
         Searing Ray       |    13 |    24 ||    37
         Iskenderun's Myst |       |     2 ||     2
    Use: Scroll            |       |    11 ||    11
         Potion            |       |     1 ||     1
 Armour: Leather armour    |     3 |    16 ||    19
  Dodge: Dodged            |    13 |    10 ||    23
